cohdb
Replays
Latest Replays
All Replays
Popular Replays
Top Player Replays
Match Explorer
How It Works
Community
CoH3 Stats
Reddit
Sign in to upload your games and track your stats! →
Sign in with Steam
Match 43706891
Unlisted
Match 43706891
Overview
Messages
Build Orders
End
Pioneer Squad
Construct Infanterie Kompanie
Grenadier Squad
Grenadier Squad
Grenadier Squad
GrW 34 Mortar Team
Infanterie Officer Quarters
Construct Luftwaffe Kompanie
Jäger Squad
Jäger Squad
Medical Bunker
Jäger Squad
Luftwaffe Officer Quarters
Pioneer Squad
Construct Panzer Kompanie
Selects Luftwaffe Battlegroup
Selects Luftwaffe Pioneer Support
Selects LG40 Recoilless Gun Paradrop
Selects Infantry Reserves
Selects Reconnaissance Run
Selects Fallschirmjäger Squad Paradrop
Panzer IV Medium Tank
Panzer IV Medium Tank
Selects Stuka Loiter
Stuka Loiter
Panzer IV Medium Tank
Panzer Officer Quarters
Side Skirts
Stuka Loiter
Jäger Squad
Pioneer Squad
Jäger Squad
Pioneer Squad
Stuka Loiter
Construct Panzergrenadier Kompanie
MG 42 Bunker
Strategos
woof_raff
0
0
Comments
sign in to comment!
No comments posted yet!